 Dungeon Crawl Stone Soup version 0.23.1-37-gaa34b87b72 (webtiles) character file.

Game seed: 15844283060275348858

89 Kholdaimon the Vexing (level 4, -4/34 HPs)
             Began as a Gnoll Arcane Marksman on Mar 28, 2019.
             Slain by Crazy Yiuf
             ... wielding a +3 quarterstaff of chaos
              (5 damage)
             ... on level 3 of the Dungeon.
             The game lasted 00:10:58 (2307 turns).

Kholdaimon the Vexing (Gnoll Arcane Marksman)       Turns: 2307, Time: 00:10:58

Health: -4/34      AC:  3    Str: 13    XL:     4   Next: 55%
Magic:  8/8        EV:  9    Int: 21    God:
Gold:   150        SH: 11    Dex: 15    Spells: 8/9 levels left

rFire    . . .     SeeInvis .   p - +0 short sword
rCold    . . .     Gourm    .   n - +0 large shield (curse)
rNeg     . . .     Faith    .   i - +0 leather armour
rPois    .         Spirit   .   (no helmet)
rElec    .         Reflect  .   (no cloak)
rCorr    .         Harm     .   (no gloves)
MR       .....                  (no boots)
Stlth    +.........             (no amulet)
HPRegen  0.11/turn              (no ring)
MPRegen  0.11/turn              (no ring)

@: brilliant, lethally poisoned (-4 -> -8), lightly drained
A: distributed training, fangs 1, sense surroundings 1, screaming 1, strong nose
a: no special abilities


You were on level 3 of the Dungeon.
You were not hungry.

You visited 1 branch of the dungeon, and saw 3 of its levels.

You collected 150 gold pieces.

Inventory:

Hand Weapons
 a - a +0 hand crossbow
 l - a +0 dagger
 p - a +0 short sword (weapon)
 r - a +0 spear
Missiles
 b - 38 poisoned needles
 d - 6 bolts
Armour
 i - a +0 leather armour (worn)
 n - a cursed +0 large shield (worn)
Jewellery
 h - an uncursed ring of see invisible {unknown}
Scrolls
 e - a scroll of amnesia {unknown}
 g - 2 scrolls of remove curse {unknown}
 m - a scroll of teleportation {unknown}
 s - 2 scrolls of enchant weapon {unknown}
 t - a scroll of noise {unknown}
 u - a scroll of identify {unknown}
Potions
 c - a potion of mutation
 j - a potion of invisibility {unknown}
 k - a potion of brilliance
 o - a potion of haste {unknown}
 q - a potion of flight {unknown}
 v - a potion of curing {unknown}
Comestibles
 f - 3 rations


   Skills:
 + Level 2.7(2.5) Fighting
 + Level 1.1(0.9) Short Blades
 + Level 1.1(0.9) Long Blades
 + Level 1.1(0.9) Axes
 + Level 1.1(0.9) Maces & Flails
 + Level 1.1(0.9) Polearms
 + Level 1.1(0.9) Staves
 + Level 1.1(0.9) Slings
 + Level 1.1(0.9) Bows
 + Level 4.6(4.3) Crossbows
 + Level 1.1(0.9) Throwing
 + Level 1.1(0.9) Armour
 + Level 4.6(4.3) Dodging
 + Level 1.1(0.9) Stealth
 + Level 1.1(0.9) Shields
 + Level 1.1(0.9) Unarmed Combat
 + Level 3.0(2.7) Spellcasting
 + Level 0.9(0.6) Conjurations
 + Level 5.4(5.1) Hexes
 + Level 0.9(0.6) Charms
 + Level 0.9(0.6) Summonings
 + Level 0.9(0.6) Necromancy
 + Level 0.9(0.6) Translocations
 + Level 0.9(0.6) Transmutations
 + Level 0.9(0.6) Fire Magic
 + Level 0.9(0.6) Ice Magic
 + Level 0.9(0.6) Air Magic
 + Level 0.9(0.6) Earth Magic
 + Level 0.9(0.6) Poison Magic
 + Level 1.2(1.0) Invocations
 + Level 1.1(0.9) Evocations


You had 8 spell levels left.
You knew the following spells:

 Your Spells              Type           Power        Failure   Level  Hunger
a - Corona                Hex            #####..      5%          1    None

Your spell library contained the following spells:

 Spells                   Type           Power        Failure   Level  Hunger
 Slow                     Hex            #####...     8%          2    ##.....
 Inner Flame              Hex/Fire       ####....     32%         3    ###....
 Portal Projectile        Hex/Tloc       ####..       32%         3    ###....
 Cause Fear               Hex            #####.....   41%         4    ####...
 Leda's Liquefaction      Hex/Erth       ####......   67%         4    ####...


Dungeon Overview and Level Annotations

Branches:
Dungeon (3/15)

Altars:
Dithmenos
Sif Muna
Trog
Wu Jian
Yredelemnul

Annotations:
D:3 Crazy Yiuf


Innate Abilities, Weirdness & Mutations

Your experience applies equally to all skills.
You have very sharp teeth.
Your uncanny sense of smell can sniff out nearby items.
You passively map a small area around you.
You occasionally shout uncontrollably at your foes.


Message History

Crazy Yiuf hits you with a +3 quarterstaff of chaos!
You hit Crazy Yiuf but do no damage.
Crazy Yiuf hits you with a +3 quarterstaff of chaos.
You are poisoned.
Crazy Yiuf hits you with a +3 quarterstaff of chaos.
You feel drained.
You closely miss Crazy Yiuf.
You feel sick.
Crazy Yiuf hits you with a +3 quarterstaff of chaos.
* * * LOW HITPOINT WARNING * * *
It was a potion of mutation.
You feel extremely strange.
You feel the urge to shout.
You feel a strange attunement to the structure of the dungeons.
* * * LOW HITPOINT WARNING * * *
You feel sick.
Crazy Yiuf hits you with a +3 quarterstaff of chaos.
* * * LOW HITPOINT WARNING * * *
It was a potion of brilliance.
You feel clever all of a sudden. Crazy Yiuf hits you but does no damage.
Space bends around you.
You die...

#.##.##.# #.# ##....#
#.##.##.# #.# ##.....##
#.......# #'# #.......#
####.#### ### ##......#
#.#### #......# #.##.##
#.....## #.#...# ### *
♣♣###...#### ###.....#
#)))#♣♣ ♣♣...........
#.......#
#.))g@♣♣♣♣........####
#.#.##..#
#)))#♣))♣).........##
#.#.###.# ###*
♣♣♣)♣).........# #.#.# #.#
♣♣♣♣♣##.<...## #.#.# #.#
##...## #.#.# #.# ### ##.##
#.#.# #.# #.#########.#
#.#.###.########........##.#
#.......#.........#####.##.#


You could see Crazy Yiuf.

Vanquished Creatures
  2 adders
  2 worms
  A dart slug (D:1)
  4 leopard geckos
  2 ball pythons (D:1)
  2 giant cockroaches
  5 goblins
  6 hobgoblins
  A quokka (D:2)
  10 bats
  5 frilled lizards
  8 kobolds
  10 rats
58 creatures vanquished.

Notes
Turn   | Place    | Note
-------+----------+-------------------------------------------
     0 | D:1      | Kholdaimon the Gnoll Arcane Marksman began the quest for
                  | the Orb.
     0 | D:1      | Reached XP level 1. HP: 17/17 MP: 4/4
    54 | D:1      | Reached XP level 2. HP: 23/23 MP: 5/5
   380 | D:1      | Reached XP level 3. HP: 27/28 MP: 7/7
   743 | D:2      | Reached skill level 1 in Invocations
   807 | D:2      | Reached skill level 1 in Short Blades
   807 | D:2      | Reached skill level 1 in Long Blades
   807 | D:2      | Reached skill level 1 in Axes
   807 | D:2      | Reached skill level 1 in Maces & Flails
   807 | D:2      | Reached skill level 1 in Polearms
   807 | D:2      | Reached skill level 1 in Staves
   807 | D:2      | Reached skill level 1 in Slings
   807 | D:2      | Reached skill level 1 in Bows
   807 | D:2      | Reached skill level 1 in Throwing
   807 | D:2      | Reached skill level 1 in Armour
   807 | D:2      | Reached skill level 1 in Stealth
   807 | D:2      | Reached skill level 1 in Shields
   807 | D:2      | Reached skill level 1 in Unarmed Combat
   807 | D:2      | Reached skill level 1 in Evocations
   835 | D:2      | Found a faded altar of an unknown god.
   835 | D:2      | Found a shadowy altar of Dithmenos.
   840 | D:2      | Found a basalt altar of Yredelemnul.
   842 | D:2      | Found a faded altar of an unknown god.
   844 | D:2      | Found a bloodstained altar of Trog.
   916 | D:2      | Reached XP level 4. HP: 34/34 MP: 8/8
  1071 | D:2      | Found an ornate altar of the Wu Jian Council.
  1499 | D:3      | Found a runed translucent door.
  1500 | D:3      | Noticed Crazy Yiuf
  1761 | D:3      | Found a deep blue altar of Sif Muna.
  2306 | D:3      | Gained mutation: You occasionally shout uncontrollably at
                  | your foes. [potion of mutation]
  2306 | D:3      | Gained mutation: You passively map a small area around you.
                  | [potion of mutation]
  2306 | D:3      | HP: 1/34 [Crazy Yiuf/+3 quarterstaff of chaos (4)]
  2307 | D:3      | Slain by Crazy Yiuf

Skill      XL: |  1  2  3  4 |
---------------+-------------+-----
Invocations    | 1 |  1.2
Short Blades   | 1 |  1.1
Long Blades    | 1 |  1.1
Axes           | 1 |  1.1
Maces & Flails | 1 |  1.1
Polearms       | 1 |  1.1
Staves         | 1 |  1.1
Slings         | 1 |  1.1
Bows           | 1 |  1.1
Throwing       | 1 |  1.1
Armour         | 1 |  1.1
Stealth        | 1 |  1.1
Shields        | 1 |  1.1
Unarmed Combat | 1 |  1.1
Evocations     | 1 |  1.1
Spellcasting   | 3 |  3.0
Fighting       | |  2.7
Crossbows      | |  4.6
Dodging        | |  4.6
Conjurations   | |  0.9
Hexes          | |  5.4
Charms         | |  0.9
Summonings     | |  0.9
Necromancy     | |  0.9
Translocations | |  0.9
Transmutations | |  0.9
Fire Magic     | |  0.9
Ice Magic      | |  0.9
Air Magic      | |  0.9
Earth Magic    | |  0.9
Poison Magic   | |  0.9

Action                   |  1- 3 |  4- 6 || total
-------------------------+-------+-------++-------
Melee: Short sword       |       |    22 ||    22
       Bite              |       |     2 ||     2
 Fire: Hand crossbow     |    74 |    33 ||   107
  Use: Potion            |       |     2 ||     2
  Eat: Chunk             |       |     2 ||     2
       Ration            |       |     1 ||     1
Armor: Robe              |     6 |       ||     6
       Leather armour    |       |    13 ||    13
Dodge: Dodged            |    26 |     9 ||    35
Block: Large shield      |     4 |    24 ||    28
